 Dungeon Crawl Stone Soup version 0.28-a0-1348-g050f3537b9 (webtiles) character file.

Game seed: 837525691434435108

49 Deminshera the Skirmisher (level 3, -1/29 HPs)
             Began as a Demonspawn Fighter on Dec 30, 2021.
             Slain by a gnoll (4 damage)
             ... on level 3 of the Dungeon.
             The game lasted 00:01:34 (2060 turns).

Deminshera the Skirmisher (Demonspawn Fighter)      Turns: 2060, Time: 00:01:34

Health: -1/29      AC:  6    Str: 18    XL:     3   Next: 53%
Magic:  3/3        EV:  7    Int:  9    God:
Gold:   39         SH:  8    Dex: 12    Spells: 2/2 levels left

rFire   . . .      SeeInvis .     - Unarmed
rCold   . . .      Faith    .   h - +0 kite shield
rNeg    . . .      Spirit   .   a - +0 scale mail
rPois   .          Reflect  .   (helmet restricted)
rElec   .          Harm     .   (no cloak)
rCorr   .          Rampage  .   (no gloves)
Will    .....                   (no boots)
Stlth   ..........              (no amulet)
HPRegen 0.09/turn               (no ring)
MPRegen 0.08/turn               (no ring)

@: mighty
A: antennae 1
a: no special abilities


You were on level 3 of the Dungeon.
You visited 1 branch of the dungeon, and saw 3 of its levels.

You collected 39 gold pieces.

Inventory:

Armour
 a - a +0 scale mail (worn)
 h - a +0 kite shield (worn)
Scrolls
 g - a scroll of noise {unknown}
 i - a scroll of identify {unknown}
 j - a scroll of silence {unknown}
 k - a scroll of amnesia {unknown}
 l - a scroll of blinking {unknown}
Potions
 b - 4 potions of brilliance {unknown}
 c - a potion of might
 d - 2 potions of curing {unknown}
 e - a potion of heal wounds {unknown}
 f - a potion of flight {unknown}


   Skills:
 + Level 3.5 Fighting
 - Level 2.6 Armour
 + Level 2.9 Shields
 * Level 3.0 Unarmed Combat


You had 2 spell levels left.
You didn't know any spells.
Your spell library contained the following spells:

 Spells                   Type           Power      Damage    Failure   Level
 Gell's Gravitas          Tloc           0%         N/A       100%        3
 Teleport Other           Tloc           0%         N/A       100%        3
 Dispersal                Tloc           0%         N/A       100%        6


Dungeon Overview and Level Annotations

Branches:
Dungeon (3/15)

Altars:
Wu Jian


Innate Abilities, Weirdness & Mutations

You have a pair of small antennae on your head.


Message History

You block the ball python's attack. The ball python constricts you.
You hit the ball python.
You kill the ball python!
The gnoll hits you from afar with a +0 spear.
The gnoll barely misses you. x2
The gnoll barely misses you. x2
You see here a ball python corpse.
You hit the gnoll.
The gnoll is lightly wounded.
The gnoll hits you with a +0 halberd. The gnoll hits you with a +0 spear.
The gnoll hits you with a +0 halberd!
* * * LOW HITPOINT WARNING * * *
You are too injured to fight recklessly!
You are too injured to fight recklessly!
You are too injured to fight recklessly!
You are too injured to fight recklessly!
You are too injured to fight recklessly!
You are too injured to fight recklessly!
You are too injured to fight recklessly!
You are too injured to fight recklessly!
You are too injured to fight recklessly!
You are too injured to fight recklessly!
You are too injured to fight recklessly!
You are too injured to fight recklessly!
You are too injured to fight recklessly!
Sorry, you're not good enough to have a special ability.
You feel very mighty all of a sudden. You block the gnoll's attack.
The gnoll hits you with a +0 halberd.
* * * LOW HITPOINT WARNING * * *
You punch the gnoll!
The gnoll is severely wounded.
You block the gnoll's attack. x2
You hit the gnoll.
You kill the gnoll!
The gnoll hits you but does no damage.
Your Unarmed Combat skill increases to level 3!
You closely miss the gnoll.
The gnoll is lightly wounded.
The gnoll hits you with a +0 spear.
You die...

.. .# .#### .. #.....
.## #..... ..# #....#
#+# ..#
#....#####.##g.#.##.
.###....#.....)@)......
......(.###.#.####..##.
..............# #
(.......#####.#####.##
.......................
..#.#.##.##.............
.. #. #.#.............#
.# # #.#....##........
##.#....##.......#


You could see a gnoll.

Vanquished Creatures
  A gnoll (D:3)
  A worm (D:2)
  2 endoplasms
  2 giant cockroaches
  4 goblins
  3 hobgoblins
  4 jackals (D:1)
  2 quokkas (D:1)
  6 ball pythons
  2 bats
  A frilled lizard (D:1)
  4 kobolds
  4 rats
36 creatures vanquished.

Notes
Turn   | Place    | Note
-------+----------+-------------------------------------------
     0 | D:1      | Deminshera the Demonspawn Fighter began the quest for the
                  | Orb.
     0 | D:1      | Reached XP level 1. HP: 18/18 MP: 1/1
     6 | D:1      | Found a faded altar of an unknown god.
   174 | D:1      | Gained mutation: You have a pair of small antennae on your
                  | head. [demonic ancestry]
   174 | D:1      | Reached XP level 2. HP: 9/24 MP: 2/2
   775 | D:1      | You fall into a shaft and drop 1 floor!
   993 | D:1      | Reached XP level 3. HP: 15/29 MP: 3/3
  1745 | D:2      | Found an ornate altar of the Wu Jian Council.
  2060 | D:3      | Slain by a gnoll

Illustrated notes

Levels and vault maps discovered:
D:1:      psy_arrival_dodecagon, layout_rooms, basic_ecumenical_altar,
          minmay_cupped
D:2:      layout_basic, basic_altar, chequers_jeans
D:3:      layout_basic, nicolae_overflow_crystal_walls, portal_sewer_entry_b,
          minmay_diced_spiral, uniq_terence, uniq_sigmund, uniq_robin

Skill      XL: |  1  2  3 |
---------------+----------+-----
Unarmed Combat | 2 3 |  3.0
Fighting       | |  3.5
Armour         | |  2.6
Shields        | |  2.9

Action                   || total
-------------------------++-------
Melee: Unarmed           ||   128
  Use: Potion            ||     1
Armor: Scale mail        ||    59
Dodge: Dodged            ||    50
Block: Buckler           ||     9
       Kite shield       ||    32

Table legend: (Time is in decaauts)
 A = Elapsed time spent in this place.
 B = Non-inter-level travel time spent in this place.
 C = Inter-level travel time spent in this place.
 D = Time resting spent in this place.
 E = Time spent auto-exploring this place.
 F = Levels seen in this place.
 G = Mean time per level.
                   A        B        C        D        E       F      G
               +--------+--------+--------+--------+--------+-----+--------+
         Total |   2076 |   1990 |     86 |    501 |   1205 |   3 |  692.0 |
       Dungeon |   2076 |   1990 |     86 |    501 |   1205 |   3 |  692.0 |
               +--------+--------+--------+--------+--------+-----+--------+

Top non-repeatable levels by time:
     D:1: 1178 daAuts
     D:2: 866 daAuts
     D:3: 31 daAuts
